 Dungeon Crawl Stone Soup version 0.17.1-2-g5865329 (webtiles) character file.

43930 seren the Arsonist (level 13, -11/76 HPs)
             Began as a Deep Elf Fire Elementalist on Feb 6, 2016.
             Was a High Priest of Vehumet.
             Mangled by a catoblepas (15 damage)
             ... on level 6 of the Lair of Beasts on Feb 9, 2016.
             The game lasted 05:42:33 (37039 turns).

seren the Arsonist (Deep Elf Fire Elementalist)    Turns: 37039, Time: 05:42:34

Health: -11/76     AC:  9    Str:  2    XL:     13   Next: 93%
Magic:  30/30      EV:  2    Int: 29    God:    Vehumet [*****.]
Gold:   917        SH:  0    Dex: 15    Spells: 9 memorised, 10 levels left

rFire  + . .     SeeInvis .     a - +7 whip of Obsession {slash, rElec MR++}
rCold  . . .     Clarity  +     y - +1 robe of the Ten Nights {Int+2}
rNeg   + + +     SustAt   .     C - +1 buckler
rPois  ∞         Gourm    .     r - +2 hat
rElec  +         Spirit   .     (no cloak)
rCorr  .         Warding  .     e - +0 pair of gloves
rMut   .         Stasis   .     w - +0 pair of boots
MR     ++++.                    P - amulet "Lulek" {Clar rElec rF+ Str-4 Int+2}
Stlth  ++........               q - ring of protection from magic
                                x - +2 ring of protection

@: petrified, delayed fireball, incredibly resistant to hostile enchantments,
unstealthy
A: no striking features
a: Renounce Religion, Release Delayed Fireball


You were on level 6 of the Lair of Beasts.
You worshipped Vehumet.
Vehumet was extremely pleased with you.
You were not hungry.

You visited 4 branches of the dungeon, and saw 22 of its levels.

You collected 1679 gold pieces.
You spent 762 gold pieces at shops.

Inventory:

Hand Weapons
 a - the +7 whip of Obsession (weapon) {slash, rElec MR++}
   (You found it on level 7 of the Dungeon)

   It inflicts extra damage upon your enemies.
   It insulates you from electricity.
   It affects your resistance to hostile enchantments.
Armour
 e - a +0 pair of gloves (worn)
 r - a +2 hat (worn)
 w - a +0 pair of boots (worn)
 y - the +1 robe of the Ten Nights (worn) {Int+2}
   (You found it on level 5 of the Dungeon)

   It affects your intelligence (+2).
 C - a +1 buckler (worn)
Magical Staves
 f - an uncursed staff of fire
 p - an uncursed staff of poison
Jewellery
 m - an uncursed ring of fire
 q - a ring of protection from magic (right hand)
 v - the ring "Exteomm" {rF+ AC-2}
   (You bought it in a shop on level 4 of the Dungeon)

   [ring of protection]

   It affects your AC (-2).
   It protects you from fire.
 x - a +2 ring of protection (left hand)
 B - an uncursed ring of teleportation
 I - an uncursed ring of see invisible
 P - an amulet "Lulek" (around neck) {Clar rElec rF+ Str-4 Int+2}
   (You bought it in a shop on level 4 of the Dungeon)

   [amulet of clarity]

   It provides mental clarity.
   It affects your strength (-4).
   It affects your intelligence (+2).
   It protects you from fire.
   It insulates you from electricity.
Wands
 A - a wand of polymorph (9)
 L - a wand of paralysis (10)
 N - a wand of polymorph (13)
Scrolls
 b - 5 scrolls of recharging
 h - 4 scrolls of identify
 i - 2 scrolls of amnesia
 k - 5 scrolls of remove curse
 l - 3 scrolls of teleportation
 s - a scroll of magic mapping
 Z - a scroll of immolation
Potions
 d - 5 potions of cancellation
 g - a potion of magic {unknown}
 n - 2 potions of poison {unknown}
 t - 6 potions of curing
 u - a potion of haste {unknown}
 z - a potion of flight {unknown}
 D - 2 potions of invisibility {unknown}
 E - 2 potions of brilliance
 H - a potion of ambrosia {unknown}
 K - 2 potions of berserk rage {unknown}
 M - 2 potions of resistance {unknown}
 R - a potion of agility
 U - a potion of lignification
Books
 F - a book of Spatial Translocations

   Spells                             Type                      Level
   a - Apportation                    Translocation                1
   b - Blink                          Translocation                2
   c - Shroud of Golubria             Charms/Translocation         2
   d - Portal Projectile              Translocation                3
   e - Teleport Other                 Translocation                3
   f - Passage of Golubria            Translocation                4
 O - a book of the Earth

   Spells                             Type                      Level
   a - Leda's Liquefaction            Hexes/Earth                  4
   b - Bolt of Magma                  Conjuration/Fire/Earth       5
   c - Statue Form                    Transmutation/Earth          6
   d - Iron Shot                      Conjuration/Earth            6
   e - Shatter                        Earth                        9
Miscellaneous
 Q - a lamp of fire
Comestibles
 c - 8 bread rations
 j - 4 chunks of flesh
 o - 11 meat rations
 G - 10 fruits
 J - 6 beef jerkies
 T - 9 slices of pizza


   Skills:
 + Level 6.9 Fighting
 + Level 10.9 Dodging
 - Level 2.4 Stealth
 - Level 4.0 Shields
 + Level 11.9 Spellcasting
 * Level 13.8 Conjurations
 - Level 2.2 Translocations
 * Level 14.1 Fire Magic
 - Level 2.1 Evocations


You had 10 spell levels left.
You knew the following spells:

 Your Spells              Type           Power        Failure   Level  Hunger
a - Flame Tongue          Conj/Fire      #####        0%          1    None
b - Throw Flame           Conj/Fire      ######       0%          2    None
c - Conjure Flame         Conj/Fire      #######.     1%          3    None
d - Sticky Flame          Conj/Fire      #######.     1%          4    None
e - Magic Dart            Conj           ####         0%          1    None
f - Fireball              Conj/Fire      #######...   1%          5    ##.....
g - Delayed Fireball      Conj/Fire      N/A          2%          7    ######.
h - Blink                 Tloc           N/A          1%          2    None
i - Iskenderun's Battles  Conj/Chrm      ######..     2%          5    ##.....


Dungeon Overview and Level Annotations

Branches:
Dungeon (12/15)            Temple (1/1) D:4            Lair (7/8) D:11
  Snake (0/4) Lair:5          Orc (2/4) D:10
  Swamp: Lair:3-6    Shoals: Lair:3-6     Slime: Lair:6-8

Altars:
Ashenzari
Cheibriados
Dithmenos
Elyvilon
Fedhas
Gozag
Kikubaaqudgha
Makhleb
Nemelex Xobeh
Okawaru
Qazlal
Ru
Sif Muna
Trog
Vehumet
Xom
Yredelemnul
Zin
The Shining One
Beogh

Shops:
D:4 =   D:7 ?   D:9 %   Orc:1 !

Annotations:
D:6 bollicks1999's ghost, novice HOFi
D:11 exclusion: downstairs
D:12 !yak Cyclop
Lair:2 !fire dragon, exclusion: fire drake
Lair:5 exclusion: downstairs
Orc:2 Harold


Message History

Your surroundings seem slightly different.
The catoblepas breathes a plume of calcifying dust at you.
The blast of calcifying dust hits you! The spiny frog closely misses you.
You are engulfed in calcifying dust.
The spiny frog closely misses you.
You are engulfed in calcifying dust.
You are slowing down.
You are engulfed in calcifying dust.
Your limbs have turned to stone.
You have turned to stone.
You are engulfed in calcifying dust.
The plant is no longer petrified.
The spiny frog is engulfed in calcifying dust.
The spiny frog is moving more slowly.
The catoblepas gores you!!
* * * LOW HITPOINT WARNING * * *
The catoblepas breathes a plume of calcifying dust at you.
The blast of calcifying dust hits you!
You are engulfed in calcifying dust.
The catoblepas gores you!!
* * * LOW HITPOINT WARNING * * *
You are engulfed in calcifying dust.
The catoblepas stomps with a crash on the ground.
The catoblepas gores you!!
You die...

###### ######## #####
#####P...###.#P#.P##
####.#.###P#.......§....P..)####
#....#..#.....P..P.#.....P.....#
...........P.....###...÷.#.....##
.##..........##.F####....÷.......
P####P..#.....##Y#.#..........#..
## #...####..#.@.)..÷....#.#.#..
###.###........P......##..##..
#.#...###.##.§................
#...#####....§..............#.
##..# #.##...............P.P.
#..# ##.#................PP.
######.# ###................##..
#..#...# ##.P............<.......
.......# #...P...............##..


You could see a catoblepas and a spiny frog (petrifying).

Vanquished Creatures
  3 hydras
  A catoblepas (Lair:6)
  4 skeletal warriors
  4 hill giants
  The ghost of emiel the Carver, a novice CeBe of Trog (D:9)
  The ghost of Aviak the Conjurer, a novice DgIE (D:7)
  2 griffons (Lair:6)
  An ugly thing (D:11)
  13 elephants
  2 oklob plants (D:11)
  A siren (Lair:6)
  3 black mambas
  8 spiny frogs
  An efreet (D:10)
  4 fire drakes
  5 komodo dragons
  A polar bear (Lair:4)
  4 trolls
  2 two-headed ogres
  14 blink frogs
  2 wyverns
  A hog (D:10)
  A human (D:10)
  A water elemental (D:11)
  9 hippogriffs
  18 yaks
  A hungry ghost (D:11)
  A warg (D:10)
  16 wolves
  3 nagas (Lair:5)
  12 water moccasins
  6 porcupines
  5 sky beasts
  11 orc warriors
  5 ice beasts
  2 swamp drakes
  2 phantoms
  A black bear (D:6)
  8 ogres
  3 centaurs
  21 crocodiles
  A wyvern zombie (D:9)
  23 giant frogs
  7 wights (D:9)
  3 scorpions
  4 killer bees
  A crimson imp (D:11)
  A giant frog zombie (D:6)
  11 orc priests
  3 electric eels
  2 quasits
  2 centaur zombies
  2 jellies
  18 orc wizards
  6 two-headed ogre zombies (Orc:2)
  7 worker ants
  3 centaur skeletons
  A gnoll shaman (D:6)
  6 hounds
  2 giant frog skeletons
  2 wasp zombies
  Natasha (thrice) (D:4)
  18 iguanas
  4 hell rats (Lair:6)
  8 sheep
  A hound skeleton (D:6)
  14 adders
  12 gnolls
  49 river rats
  A shadow imp (D:11)
  5 oozes
  An adder skeleton (D:5)
  An adder zombie (D:5)
  105 orcs
  2 ball pythons (D:3)
  7 giant cockroaches
  12 hobgoblins
  17 jackals
  4 quokkas
  A ball python skeleton (D:4)
  3 bats (D:1)
  A giant cockroach zombie (D:5)
  11 giant geckos
  A giant gecko skeleton (D:5)
  11 giant newts
  8 goblins
  A jackal skeleton (D:8)
  6 kobolds
  A quokka skeleton (D:6)
  2 quokka zombies
  7 rats
  2 bushes (Lair:3)
  A fungus (Lair:4)
  8 plants
637 creatures vanquished.

Vanquished Creatures (others)
  A giant gecko (D:11)
  15 fungi
  8 plants
24 creatures vanquished.

Grand Total: 661 creatures vanquished

Notes
Turn   | Place    | Note
--------------------------------------------------------------
     0 | D:1      | seren the Deep Elf Fire Elementalist began the quest for the Orb.
     0 | D:1      | Reached XP level 1. HP: 10/10 MP: 6/6
   238 | D:1      | Reached XP level 2. HP: 4/15 MP: 1/8
   848 | D:1      | Reached skill level 4 in Fire Magic
   928 | D:1      | Reached XP level 3. HP: 19/19 MP: 6/9
  1894 | D:2      | Reached XP level 4. HP: 3/24 MP: 5/10
  1895 | D:2      | HP: 1/24 [poisoned by an adder]
  2106 | D:2      | Learned a level 2 spell: Throw Flame
  3141 | D:3      | Reached skill level 5 in Fire Magic
  3141 | D:3      | Reached XP level 5. HP: 28/28 MP: 1/11
  3331 | D:3      | Found an opulent altar of Gozag.
  3334 | D:3      | Found a shadowy altar of Dithmenos.
  3339 | D:3      | Found a burning altar of Makhleb.
  3363 | D:4      | Noticed Natasha
  3715 | D:4      | Noticed an ogre
  3927 | D:5      | Entered Level 5 of the Dungeon
  4028 | D:4      | Killed Natasha
  4080 | D:4      | Reached XP level 6. HP: 24/32 MP: 1/12
  4173 | D:4      | Found a staircase to the Ecumenical Temple.
  4182 | Temple   | Entered the Ecumenical Temple
  4229 | Temple   | Became a worshipper of Vehumet
  4256 | D:4      | Found Rabig's Jewellery Shoppe.
  4297 | D:4      | Reached skill level 6 in Fire Magic
  4350 | D:5      | Noticed a phantom
  4350 | D:5      | Noticed a centaur
  4443 | D:4      | Learned a level 3 spell: Conjure Flame
  4480 | D:4      | Noticed an ogre
  4486 | D:4      | Killed an ogre
  4486 | D:4      | Reached skill level 5 in Conjurations
  4576 | D:4      | Killed an ogre
  4928 | D:4      | Noticed Natasha
  4929 | D:4      | Killed Natasha
  4982 | D:5      | Reached XP level 7. HP: 36/36 MP: 5/13
  5079 | D:5      | Got a creamy pearl robe
  5111 | D:4      | Identified the +1 robe of the Ten Nights {Int+2} (You found it on level 5 of the Dungeon)
  5171 | D:5      | Noticed a centaur
  5248 | D:6      | Reached skill level 7 in Fire Magic
  6146 | D:6      | Learned a level 4 spell: Sticky Flame
  6191 | D:6      | Noticed bollicks1999's ghost (novice HOFi)
  7237 | D:6      | Reached skill level 8 in Fire Magic
  7237 | D:6      | Reached XP level 8. HP: 41/41 MP: 4/14
  7947 | D:6      | Found a glowing golden altar of the Shining One.
  8070 | D:6      | Reached skill level 1 in Shields
  8160 | D:7      | Noticed Aviak's ghost (novice DgIE)
  8250 | D:6      | Reached skill level 1 in Fighting
  8523 | D:4      | Noticed Natasha
  8525 | D:4      | Killed Natasha
  9002 | D:5      | Killed a centaur
  9070 | D:5      | Killed a centaur
  9624 | D:7      | Reached * piety under Vehumet
  9624 | D:7      | Offered knowledge of Sandblast by Vehumet.
  9720 | D:6      | Reached XP level 9. HP: 43/48 MP: 3/18
  9996 | D:6      | Reached skill level 5 in Spellcasting
 10467 | D:4      | Bought an uncursed ring of protection from magic for 250 gold pieces
 10726 | D:5      | Killed a phantom
 11322 | D:7      | Found Yrood's Magic Scroll Boutique.
 11485 | D:7      | Got an encrusted whip
 11499 | D:6      | Identified the +7 whip of Obsession {slash, rElec MR++} (You found it on level 7 of the Dungeon)
 11529 | D:7      | Killed Aviak's ghost
 11529 | D:7      | Reached skill level 5 in Dodging
 11529 | D:7      | Reached skill level 9 in Fire Magic
 12998 | D:7      | Found a sparkling altar of Nemelex Xobeh.
 13101 | D:7      | Found a shattered altar of Ashenzari.
 13250 | D:8      | Found a sacrificial altar of Ru.
 14251 | D:9      | Offered knowledge of Magic Dart by Vehumet.
 14357 | D:9      | Reached ** piety under Vehumet
 14434 | D:9      | Reached XP level 10. HP: 54/56 MP: 14/22
 14889 | D:10     | Entered Level 10 of the Dungeon
 15521 | D:9      | Noticed emiel's ghost (novice CeBe)
 15567 | D:9      | Learned a level 5 spell: Fireball
 15725 | D:9      | !w efreet
 15768 | D:9      | Learned a level 1 spell: Magic Dart
 15843 | D:9      | Killed emiel's ghost
 16077 | D:9      | Found Ebepagh's Food Emporium.
 16349 | D:7      | Offered knowledge of Static Discharge by Vehumet.
 16409 | D:4      | Found Rabig's Jewellery Shoppe.
 16418 | D:4      | Bought the cursed ring "Exteomm" {rF+ AC-2} for 105 gold pieces
 17027 | D:10     | Found a staircase to the Orcish Mines.
 17342 | D:10     | Reached skill level 10 in Fire Magic
 17473 | D:10     | Noticed a hill giant
 17491 | D:10     | Killed a hill giant
 17597 | D:10     | Reached *** piety under Vehumet
 17634 | D:10     | Found a sacrificial altar of Ru.
 18479 | D:10     | Reached XP level 11. HP: 56/62 MP: 20/25
 18514 | Orc:1    | Entered Level 1 of the Orcish Mines
 18520 | Orc:1    | Found Saepter's Distillery.
 18575 | Orc:1    | Bought a potion of lignification for 39 gold pieces
 18624 | Orc:1    | Offered knowledge of Dazzling Spray by Vehumet.
 18803 | Orc:1    | Reached **** piety under Vehumet
 18817 | Orc:1    | Found a bloodstained altar of Trog.
 18912 | Orc:1    | Offered knowledge of Airstrike by Vehumet.
 19661 | Orc:2    | Reached skill level 10 in Conjurations
 20033 | Orc:2    | Reached ***** piety under Vehumet
 20149 | Orc:2    | Offered knowledge of Delayed Fireball by Vehumet.
 20178 | Orc:2    | Learned a level 7 spell: Delayed Fireball
 20344 | Orc:2    | Found a roughly hewn altar of Beogh.
 20420 | Orc:2    | Noticed Harold
 20810 | D:11     | Reached skill level 5 in Fighting
 20863 | D:11     | Noticed an oklob plant
 20864 | D:11     | Noticed an oklob plant
 20913 | D:11     | Noticed a hill giant
 21272 | D:11     | Learned a level 2 spell: Blink
 21433 | D:11     | Noticed a skeletal warrior
 21433 | D:11     | Noticed a skeletal warrior
 21433 | D:11     | Noticed a skeletal warrior
 21437 | D:11     | Noticed a skeletal warrior
 21439 | D:11     | Killed a skeletal warrior
 21439 | D:11     | Reached skill level 11 in Fire Magic
 21573 | D:10     | Killed a skeletal warrior
 21573 | D:10     | Reached skill level 1 in Evocations
 22002 | D:11     | Killed a skeletal warrior
 22384 | D:11     | Noticed a hill giant
 22403 | D:11     | Killed a hill giant
 22859 | D:11     | Found a staircase to the Lair.
 22873 | D:11     | Killed an oklob plant
 23028 | D:11     | Killed a skeletal warrior
 23407 | D:11     | Offered knowledge of Iskenderun's Battlesphere by Vehumet.
 23493 | D:11     | Learned a level 5 spell: Iskenderun's Battlesphere
 23811 | D:11     | Reached skill level 1 in Translocations
 24189 | D:11     | Killed a hill giant
 24189 | D:11     | Reached XP level 12. HP: 68/68 MP: 11/27
 24721 | D:11     | Reached skill level 12 in Fire Magic
 24743 | D:11     | Noticed a hill giant
 24760 | D:11     | Killed a hill giant
 24760 | D:11     | Reached skill level 10 in Spellcasting
 25105 | D:11     | Killed an oklob plant
 25175 | Lair:1   | Entered Level 1 of the Lair of Beasts
 25220 | Lair:1   | Noticed a five-headed hydra
 25228 | Lair:1   | Killed a five-headed hydra
 25578 | Lair:1   | Noticed an eight-headed hydra
 25594 | Lair:1   | Killed an eight-headed hydra
 27966 | Lair:2   | Noticed a fire dragon
 28460 | D:4      | Bought an amulet "Lulek" {Clar rElec rF+ Str-4 Int+2} for 368 gold pieces
 28648 | D:7      | Found a glowing silver altar of Zin.
 29634 | Lair:3   | Reached skill level 13 in Fire Magic
 30937 | Lair:4   | Reached XP level 13. HP: 32/74 MP: 30/30
 31258 | Lair:4   | Reached skill level 10 in Dodging
 31538 | Lair:5   | Found a staircase to the Snake Pit.
 35614 | Lair:6   | Offered knowledge of Lightning Bolt by Vehumet.
 36111 | Lair:5   | Reached skill level 14 in Fire Magic
 37039 | Lair:6   | Mangled by a catoblepas

Action                   |  1- 3 |  4- 6 |  7- 9 | 10-12 | 13-15 || total
-------------------------+-------+-------+-------+-------+-------++-------
Melee: Unarmed           |     3 |       |       |       |       ||     3
       Whip              |       |     8 |    30 |   156 |     5 ||   199
       Staff             |       |       |    14 |   119 |    56 ||   189
 Cast: Flame Tongue      |    66 |   101 |   256 |   362 |    40 ||   825
       Throw Flame       |       |     9 |    43 |   191 |    25 ||   268
       Conjure Flame     |       |       |    24 |    55 |     8 ||    87
       Sticky Flame      |       |       |    17 |   101 |    93 ||   211
       Fireball          |       |       |       |    44 |    12 ||    56
       Magic Dart        |       |       |       |    20 |    59 ||    79
       Iskenderun's Batt |       |       |       |    10 |    17 ||    27
       Blink             |       |       |       |     5 |     5 ||    10
       Delayed Fireball  |       |       |       |     1 |       ||     1
Evoke: Wand              |       |       |       |     1 |       ||     1
  Use: Scroll            |       |     5 |    11 |     9 |     5 ||    30
       Potion            |       |     1 |     3 |       |     3 ||     7
 Stab: Sleeping          |       |       |     2 |       |       ||     2
       Paralysed         |       |       |       |     9 |       ||     9
       Distracted        |       |       |       |     1 |       ||     1
  Eat: Chunk             |     2 |    10 |    25 |    47 |    16 ||   100
       Fruit             |       |       |     5 |     8 |     3 ||    16
       Pizza             |       |       |     1 |     1 |       ||     2
       Beef jerky        |       |       |     1 |       |       ||     1
       Royal jelly       |       |       |       |     2 |     1 ||     3
